 Dungeon Crawl Stone Soup version 0.23.2-30-g0e89c35649 (webtiles) character file.

Game seed: 17206543076078495209

7270 Descartes the Fighter (level 10, -5/80 HPs)
             Began as a Demonspawn Gladiator on June 10, 2019.
             Was a Priest of Cheibriados.
             Killed by divine providence
             ... invoked by an orc priest
             ... led by an orc high priest
              (9 damage)
             ... while paralysed by an orc sorcerer
             ... on level 1 of the Orcish Mines.
             The game lasted 00:27:18 (7074 turns).

Descartes the Fighter (Demonspawn Gladiator)        Turns: 7074, Time: 00:27:19

Health: -5/80      AC: 19    Str: 25    XL:     10   Next: 89%
Magic:  0/17       EV:  2    Int: 18    God:    Cheibriados [***...]
Gold:   496        SH:  0    Dex: 23    Spells: 19/19 levels left

rFire    . . .     SeeInvis +   A - +6 eveningstar (drain)
rCold    + . .     Gourm    .   m - +0 shield
rNeg     + + .     Faith    .   s - +0 plate armour
rPois    +         Spirit   +   (helmet restricted)
rElec    .         Reflect  .   F - +1 cloak
rCorr    .         Harm     .   q - +0 pair of gloves
MR       .....                  (no boots)
Stlth    ..........             (no amulet)
HPRegen  0.23/turn              K - ring "Gaolemysai" {rPois rC+ rN++ MR-}
MPRegen  0.15/turn              i - ring of see invisible

@: paralysed, lightly drained, very slow
A: horns 1, slimy green scales 2, demonic guardian 1, magic shield
a: Bend Time, Temporal Distortion, Renounce Religion


You were on level 1 of the Orcish Mines.
You worshipped Cheibriados.
Cheibriados was most pleased with you.
You were not hungry.

You visited 3 branches of the dungeon, and saw 10 of its levels.

You collected 496 gold pieces.

Inventory:

Hand Weapons
 a - the +5 short sword of Evisceration {elec, rF++ MR- Dex+4}
   (You found it on level 9 of the Dungeon)

   Occasionally, upon striking a foe, it will discharge some electrical energy
   and cause terrible harm.
   It affects your dexterity (+4).
   It greatly protects you from fire.
   It affects your resistance to hostile enchantments.
 b - a +3 dire flail of crushing
 j - a +2 short sword of protection
 k - a +0 long sword
 w - a +0 flail
 z - a +0 dagger of venom
 A - a +6 eveningstar of draining (weapon)
 B - a +0 dagger of freezing
 G - the +5 rapier "Goblinbane" {drain, rC++ MP+9}
   (You found it on level 9 of the Dungeon)

   A truly terrible weapon, it drains the life of those it strikes.
   It greatly protects you from cold.
   It affects your magic capacity (+9).
Missiles
 c - 3 throwing nets (quivered)
 Q - 4 javelins
Armour
 m - a +0 shield (worn)
 q - a +0 pair of gloves (worn)
 s - a +0 plate armour (worn)
 F - a +1 cloak (worn)
 J - a +0 troll leather armour
 P - a +2 ring mail of positive energy
Magical Staves
 O - an uncursed staff of poison
Jewellery
 i - a ring of see invisible (right hand)
 r - an uncursed ring of protection from magic
 C - a +2 ring of dexterity
 K - the ring "Gaolemysai" (left hand) {rPois rC+ rN++ MR-}
   (You found it on level 9 of the Dungeon)

   [ring of poison resistance]

   It protects you from cold.
   It protects you from poison.
   It greatly protects you from negative energy.
   It affects your resistance to hostile enchantments.
Wands
 E - a wand of clouds (6)
Scrolls
 f - a scroll of enchant weapon {unknown}
 g - 3 scrolls of fear
 p - 3 scrolls of teleportation {unknown}
 u - 3 scrolls of remove curse {unknown}
 v - 2 scrolls of identify {unknown}
 x - a scroll of random uselessness {unknown}
 y - 4 scrolls of magic mapping {unknown}
 D - a scroll of noise {unknown}
 H - a scroll of blinking {unknown}
 L - a scroll of amnesia {unknown}
 N - a scroll of enchant armour {unknown}
Potions
 e - 2 potions of mutation {unknown}
 h - a potion of might {unknown}
 l - 2 potions of flight {unknown}
 n - 3 potions of heal wounds
 o - 2 potions of curing
 t - 3 potions of lignification {unknown}
 I - a potion of cancellation {unknown}
 M - a potion of resistance {unknown}
Comestibles
 d - 15 rations
 R - 3 chunks of flesh


   Skills:
 + Level 8.0(7.9) Fighting
 - Level 5.0 Short Blades
 + Level 1.7(1.6) Maces & Flails
 - Level 1.7(1.6) Throwing
 + Level 6.8(6.7) Armour
 - Level 4.0(3.9) Dodging
 + Level 4.7 Stealth
 + Level 6.9(6.8) Shields
 - Level 3.0(2.9) Unarmed Combat
 - Level 5.0(4.9) Spellcasting


You had 19 spell levels left.
You didn't know any spells.
Your spell library contained the following spells:

 Spells                   Type           Power        Failure   Level  Hunger
 Corona                   Hex            #......      99%         1    None
 Ensorcelled Hibernation  Hex/Ice        #.....       100%        2    #......
 Confuse                  Hex            #.......     100%        3    ###....
 Dazzling Spray           Conj/Hex       #.....       100%        3    ###....
 Tukima's Dance           Hex            #.......     100%        3    ###....


Dungeon Overview and Level Annotations

Branches:
Dungeon (10/15)            Temple (1/1) D:4             Orc (1/2) D:10
   Lair: D:8-11

Altars:
Ashenzari
Cheibriados
Dithmenos
Elyvilon
Fedhas
Gozag
Hepliaklqana
Kikubaaqudgha
Makhleb
Nemelex Xobeh
Okawaru
Qazlal
Ru
Sif Muna
Trog
Uskayaw
Vehumet
Wu Jian
Xom
Yredelemnul
The Shining One


Innate Abilities, Weirdness & Mutations

You have a pair of small horns on your head.
You are mostly covered in slimy green scales. (AC +3)
A weak demonic guardian rushes to your aid.
When hurt, damage is shared between your health and your magic reserves.


Message History

The orc high priest is moderately wounded.
The orc warrior hits you with a +0 scimitar!
* * * LOW HITPOINT WARNING * * *
You block the soul eater's attack.
The orc sorcerer points at you and mumbles some strange words.
You suddenly lose the ability to move!
The orc high priest hits you but does no damage.
The orc warrior hits you but does no damage.
The soul eater hits you.
* * * LOW HITPOINT WARNING * * *
The orc sorcerer hits you but does no damage.
The orc high priest hits you but does no damage.
The soul eater disappears in a puff of smoke!
The orc warrior hits you with a +0 scimitar.
* * * LOW HITPOINT WARNING * * *
The orc sorcerer hits you but does no damage.
The orc high priest hits you but does no damage.
The orc priest invokes the aid of Beogh against you.
Beogh smites you!
You die...

##.........## .
#....##.....# ..
##....#....#### .#
##.......#...## .##
##.#...##.)..###...#.
####.###....#.......
#.##...#..........
##o#...##...##....
##@#............ o
##ooo#.............
#.5oo.##4.o.#....##
####.....#.o.###...#
#.........#.## #.##
#...##...#.## ##
#.#..#...##### #
####...####..# ##
#....#....### ##.


You could see an orc high priest, an orc sorcerer, an orc warrior, an orc
priest, an orc wizard, an orc and a friendly shadow imp.

Vanquished Creatures
  2 two-headed ogres
  An orc sorcerer (Orc:1)
  A deep elf mage (D:9)
  2 trolls (D:10)
  A hippogriff (D:10)
  Sigmund (D:5)
  6 yaks (D:9)
  A human (D:10)
  Edmund (D:5)
  A warg (D:10)
  3 orc warriors
  3 ice beasts
  A black bear (D:10)
  A sky beast (D:9)
  A necrophage (D:9)
  A phantom (D:4)
  4 centaurs
  Blork the orc (D:5)
  A big kobold (D:10)
  A bullfrog (D:10)
  A scorpion (D:6)
  A water moccasin skeleton (D:4)
  2 wights (D:9)
  A centaur zombie (D:9)
  A crimson imp (D:5)
  4 hounds
  2 jellies
  An orc priest (Orc:1)
  Crazy Yiuf (D:3)
  Ijyb (D:5)
  Jessica (D:3)
  11 orc wizards
  5 worker ants
  Robin (D:3)
  3 gnolls
  4 adders
  A shadow imp (D:5)
  3 adder skeletons
  3 dart slugs (D:4)
  3 leopard geckos
  19 orcs
  A ball python (D:2)
  3 giant cockroaches
  11 goblins
  16 hobgoblins
  6 jackals
  8 bats
  3 frilled lizards
  A jackal skeleton (D:5)
  13 kobolds
  A quokka skeleton (D:4)
  11 rats
177 creatures vanquished.

Vanquished Creatures (collateral kills)
  Urug (D:10)
  A centaur skeleton (D:10)
  An ogre (D:9)
  A big kobold (D:10)
  A wight (D:9)
  A leopard gecko (D:9)
  An orc (D:10)
  A kobold (D:10)
8 creatures vanquished.

Grand Total: 185 creatures vanquished

Notes
Turn   | Place    | Note
-------+----------+-------------------------------------------
     0 | D:1      | Descartes the Demonspawn Gladiator began the quest for the
                  | Orb.
     0 | D:1      | Reached XP level 1. HP: 16/16 MP: 1/1
   448 | D:1      | Gained mutation: When hurt, damage is shared between your
                  | health and your magic reserves. [demonic ancestry]
   448 | D:1      | Reached XP level 2. HP: 15/22 MP: 2/2
  1116 | D:2      | Reached XP level 3. HP: 28/28 MP: 3/3
  1690 | D:2      | Reached XP level 4. HP: 17/34 MP: 1/5
  1857 | D:3      | Reached skill level 3 in Fighting
  2122 | D:3      | Found a runed translucent door.
  2123 | D:3      | Noticed Crazy Yiuf
  2134 | D:3      | Killed Crazy Yiuf
  2134 | D:3      | Reached skill level 1 in Armour
  2134 | D:3      | Reached skill level 1 in Shields
  2134 | D:3      | Reached skill level 1 in Spellcasting
  2229 | D:3      | Noticed Jessica
  2276 | D:3      | Killed Jessica
  2276 | D:3      | Reached XP level 5. HP: 19/41 MP: 5/7
  2302 | D:3      | Noticed Robin
  2330 | D:3      | Killed Robin
  3024 | D:4      | Gained mutation: You have a pair of small horns on your
                  | head. [demonic ancestry]
  3024 | D:4      | Reached XP level 6. HP: 39/47 MP: 6/8
  3092 | D:4      | Found a staircase to the Ecumenical Temple.
  3098 | Temple   | Entered the Ecumenical Temple
  3225 | Temple   | Became a worshipper of Cheibriados the Contemplative
  3892 | D:5      | Entered Level 5 of the Dungeon
  3939 | D:5      | Noticed Edmund
  3940 | D:5      | Noticed Blork the orc
  3976 | D:5      | Killed Edmund
  3976 | D:5      | Reached skill level 4 in Fighting
  3976 | D:5      | Gained mutation: You are partially covered in slimy green
                  | scales. (AC +2) [demonic ancestry]
  3976 | D:5      | Reached XP level 7. HP: 38/54 MP: 1/11
  4009 | D:5      | Killed Blork the orc
  4115 | D:5      | Noticed Ijyb
  4162 | D:5      | Killed Ijyb
  4345 | D:5      | Reached * piety under Cheibriados
  4485 | D:5      | Noticed Sigmund
  4498 | D:5      | Killed Sigmund
  4615 | D:6      | Found a shattered altar of Ashenzari.
  4649 | D:6      | Reached skill level 5 in Fighting
  4649 | D:6      | Gained mutation: A weak demonic guardian rushes to your
                  | aid. [demonic ancestry]
  4649 | D:6      | Reached XP level 8. HP: 62/62 MP: 13/13
  4739 | D:6      | You fall through a shaft for 3 floors!
  4748 | D:9      | Got a slimy short sword
  4749 | D:9      | Identified the +5 short sword of Evisceration {elec, rF++
                  | MR- Dex+4} (You found it on level 9 of the Dungeon)
  4850 | D:9      | Reached skill level 1 in Short Blades
  5018 | D:9      | Got a polished rapier
  5059 | D:9      | Identified the +5 rapier "Goblinbane" {drain, rC++ MP+9}
                  | (You found it on level 9 of the Dungeon)
  5196 | D:9      | Got a sparkling jade ring
  5332 | D:9      | Reached skill level 6 in Fighting
  5332 | D:9      | Reached skill level 5 in Shields
  5332 | D:9      | Reached XP level 9. HP: 62/69 MP: 14/14
  5341 | D:9      | Reached skill level 5 in Armour
  5351 | D:9      | Reached skill level 1 in Stealth
  5362 | D:9      | Reached ** piety under Cheibriados
  5542 | D:10     | Entered Level 10 of the Dungeon
  5561 | D:10     | Noticed a deep elf mage
  5563 | D:10     | Noticed a demonic crawler
  5564 | D:10     | Noticed a demonic crawler
  5579 | D:10     | Noticed a demonic crawler
  5579 | D:10     | Noticed a demonic crawler
  5784 | D:9      | Noticed a demonic crawler
  5987 | D:9      | Killed a deep elf mage
  5987 | D:9      | Reached skill level 7 in Fighting
  5987 | D:9      | Gained mutation: You are mostly covered in slimy green
                  | scales. (AC +3) [demonic ancestry]
  5987 | D:9      | Reached XP level 10. HP: 72/79 MP: 16/16
  6130 | D:10     | Noticed a two-headed ogre
  6139 | D:10     | Killed a two-headed ogre
  6373 | D:10     | Reached *** piety under Cheibriados
  6479 | D:10     | Identified the ring "Gaolemysai" {rPois rC+ rN++ MR-} (You
                  | found it on level 9 of the Dungeon)
  6491 | D:10     | Found a staircase to the Orcish Mines.
  6718 | Orc:1    | Entered Level 1 of the Orcish Mines
  6718 | Orc:1    | Noticed Urug
  6744 | D:10     | Killed Urug
  6744 | D:10     | Reached skill level 5 in Short Blades
  6744 | D:10     | Reached skill level 5 in Spellcasting
  6877 | Orc:1    | Noticed an orc sorcerer
  6888 | Orc:1    | Killed an orc sorcerer
  6970 | Orc:1    | Reached skill level 1 in Maces & Flails
  6992 | Orc:1    | Noticed a two-headed ogre
  7010 | Orc:1    | Killed a two-headed ogre
  7010 | Orc:1    | Reached skill level 8 in Fighting
  7014 | Orc:1    | Noticed an orc sorcerer
  7060 | Orc:1    | Noticed a rust devil
  7060 | Orc:1    | Paralysed by an orc sorcerer for 3 turns
  7060 | Orc:1    | Noticed an orc high priest
  7063 | Orc:1    | Noticed a soul eater
  7072 | Orc:1    | Paralysed by an orc sorcerer for 5 turns
  7073 | Orc:1    | HP: 4/80 [soul eater[an orc high priest] (4)]
  7074 | Orc:1    | Killed from afar by an orc priest

Skill      XL: |  1  2  3  4  5  6  7  8  9 10 |
---------------+-------------------------------+-----
Unarmed Combat | 3 |  3.0
Dodging        | 3 4 |  4.0
Fighting       | 3 4 5 6 7 8 |  8.0
Armour         | 1 2 3 4 5 6 |  6.8
Shields        | 1 2 3 5 6 |  6.9
Spellcasting   | 1 2 3 4 5 |  5.0
Short Blades   | 2 4 5 |  5.0
Stealth        | 3 4 |  4.7
Maces & Flails | 1 |  1.7
Throwing       | |  1.7

Action                   |  1- 3 |  4- 6 |  7- 9 | 10-12 || total
-------------------------+-------+-------+-------+-------++-------
Melee: Unarmed           |    57 |       |       |       ||    57
       Punch             |     1 |       |       |       ||     1
       Short sword       |    91 |   288 |   153 |       ||   532
       Headbutt          |       |    26 |    75 |    35 ||   136
       Rapier            |       |       |   145 |    99 ||   244
       Eveningstar       |       |       |       |    26 ||    26
  Use: Potion            |       |     2 |       |       ||     2
       Scroll            |       |       |       |     1 ||     1
 Stab: Distracted        |       |       |     2 |     2 ||     4
  Eat: Chunk             |     2 |     9 |     4 |     2 ||    17
Armor: Leather armour    |    30 |       |       |       ||    30
       Plate armour      |    23 |   208 |   252 |    61 ||   544
Dodge: Dodged            |    73 |    32 |    71 |    34 ||   210
Block: Shield            |    38 |   139 |   175 |    88 ||   440
